[Event "Titled Tuesday Blitz July 11 Early 2023"]
[White "Tang, Andrew"]
[Black "Narayanan.S.L"]
[WhiteFideId "2059630"]
[BlackFideId "5058422"]
[WhiteElo "2913"]
[BlackElo "3036"]
[Result "1/2-1/2"]
[Round "6"]
[TimeControl "180+2"]
[Date "2023.07.11"]
[WhiteClock "0:00:07"]
[BlackClock "0:00:20"]
[Board "5"]

1. d4 Nf6 2. Nf3 c5 3. d5 e6 4. c4 exd5 5. cxd5 d6 6. Nc3 g6 7. e4 Bg7 8. h3 O-O 9. Bd3 Re8 10. O-O Nbd7 11. Bf4 c4 12. Bc2 Ne5 13. Nxe5 dxe5 14. Bg5 h6 15. Bh4 g5 16. Bg3 Bd7 17. a4 b6 18. Qf3 a6 19. Nd1 b5 20. Ne3 Qe7 21. Qe2 Rec8 22. Rfd1 Qd6 23. Qd2 Ne8 24. h4 f6 25. f3 Bf8 26. Bf2 Qb4 27. Qc1 Bc5 28. Be1 Bxe3+ 29. Qxe3 Qc5 30. Qxc5 Rxc5 31. Bb4 Rcc8 32. axb5 axb5 33. Kf2 Kg7 34. Ke3 Nc7 35. Bd6 Ne8 36. Bb4 Nc7 37. Rh1 Rxa1 38. Rxa1 Ra8 39. Rxa8 Nxa8 40. hxg5 hxg5 41. Ba5 Kf7 42. Bd8 b4 43. Bd1 f5 44. Bxg5 f4+ 45. Kd2 Nb6 46. Bd8 Na4 47. Kc1 b3 48. Ba5 Bb5 49. Be2 Nc5 50. Bc7 Kf6 51. Kd2 Na4 52. Kc1 Nc5 53. Bb6 Na4 54. Bf2 Nxb2 55. Kxb2 c3+ 56. Kxb3 Bxe2 57. Kxc3 Bf1 58. g3 fxg3 59. Bxg3 Bg2 60. Bh4+ Kf7 61. f4 Bxe4 62. d6 Ke6 63. fxe5 Bc6 64. Kd4 Bd7 65. Bf6 Be8 66. Kc5 Bd7 67. Kb6 1/2-1/2


[Site "https://www.chess.com"]

[Event "Titled Tuesday Blitz July 11 Early 2023"]
[White "Molina, Roberto Junio Brito"]
[Black "Aravindh, Chithambaram VR."]
[WhiteFideId "2109450"]
[BlackFideId "5072786"]
[WhiteElo "2855"]
[BlackElo "2933"]
[Result "0-1"]
[Round "6"]
[TimeControl "180+2"]
[Date "2023.07.11"]
[WhiteClock "0:02:11"]
[BlackClock "0:02:15"]
[Board "6"]

1. d4 Nf6 2. c4 b6 3. Nc3 Bb7 4. f3 d5 5. cxd5 Nxd5 6. e4 Nxc3 7. bxc3 e6 8. Bb5+ c6 9. Bd3 c5 10. Ne2 cxd4 11. cxd4 Bb4+ 12. Bd2 Bxd2+ 13. Qxd2 O-O 14. O-O Nc6 15. Qe3 Nb4 16. Rfd1 Rc8 17. a3 Nc2 18. Bxc2 Rxc2 19. Rac1 Rxc1 20. Rxc1 Qd6 21. Nc3 Qxa3 22. Kf2 Rc8 23. d5 exd5 24. exd5 Bxd5 25. Nxd5 Qxe3+ 0-1


[Site "https://www.chess.com"]

[Event "Titled Tuesday Blitz July 11 Early 2023"]
[White "Bazeev, German"]
[Black "Shimanov, Aleksandr"]
[WhiteFideId "24119350"]
[BlackFideId "4198603"]
[WhiteElo "2802"]
[BlackElo "2922"]
[Result "0-1"]
[Round "6"]
[TimeControl "180+2"]
[Date "2023.07.11"]
[WhiteClock "0:00:01"]
[BlackClock "0:00:07"]
[Board "7"]

1. d4 Nf6 2. Nf3 g6 3. c4 Bg7 4. Nc3 d6 5. Bg5 h6 6. Bh4 g5 7. Bg3 Nh5 8. e3 Nd7 9. Qc2 e6 10. Be2 a6 11. Nd2 Ndf6 12. O-O-O Qe7 13. Kb1 Bd7 14. Bf3 Rb8 15. Nce4 Nxg3 16. Nxf6+ Bxf6 17. hxg3 Bg7 18. g4 O-O 19. Ne4 b5 20. c5 b4 21. c6 Bc8 22. Qd3 a5 23. Rc1 Rb6 24. Ng3 Ba6 25. Qd2 a4 26. Be4 d5 27. Bd3 Bxd3+ 28. Qxd3 Qd6 29. f4 gxf4 30. Nh5 e5 31. Nxg7 Kxg7 32. g5 e4 33. gxh6+ Kh7 34. Qf1 b3 35. a3 Rg8 36. Rh4 f6 37. Rxf4 Rg6 38. g4 Rxc6 39. Rxc6 Qxc6 40. Qc1 Qxc1+ 41. Kxc1 Rxh6 42. Kd2 Rh2+ 43. Kc3 Rc2+ 44. Kb4 Kg6 45. Kxa4 Rxb2 46. Kb4 Re2 47. a4 Rxe3 48. Rf1 Rd3 49. Kc5 Rc3+ 50. Kxd5 e3 51. Ke4 e2 52. Rb1 b2 0-1


[Site "https://www.chess.com"]

[Event "Titled Tuesday Blitz July 11 Early 2023"]
[White "Zakhartsov, Vladimir"]
[Black "Suleymanli, Suleyman"]
[WhiteFideId "4145097"]
[BlackFideId "13416375"]
[WhiteElo "2916"]
[BlackElo "2718"]
[Result "1-0"]
[Round "6"]
[TimeControl "180+2"]
[Date "2023.07.11"]
[WhiteClock "0:00:26"]
[BlackClock "0:00:00"]
[Board "8"]

1. d4 d5 2. c4 dxc4 3. e4 Nf6 4. e5 Nd5 5. Bxc4 Nb6 6. Bd3 Nc6 7. Ne2 Bg4 8. Be3 e6 9. Nbc3 Be7 10. a3 Qd7 11. Qc2 Bxe2 12. Nxe2 Nd5 13. Bd2 g6 14. Rc1 O-O 15. Bb5 Rab8 16. b4 a5 17. bxa5 Bxa3 18. Ra1 Bb4 19. O-O Bxd2 20. Qxd2 Qe7 21. Bxc6 bxc6 22. Rfc1 Qd7 23. Ng3 Rb5 24. Ne4 Ra8 25. a6 Kg7 26. h4 h5 27. Qg5 Rb6 28. Nc5 Qc8 29. Ra3 Qd8 30. Qg3 Nb4 31. Qc3 Ra7 32. Ra4 Nxa6 33. Rca1 Nxc5 34. Rxa7 Nb3 35. Rd1 c5 36. d5 exd5 37. e6+ Nd4 38. exf7 Kxf7 39. Qxc5 Ne2+ 40. Kf1 Nf4 41. Qxb6 Qxh4 42. Qxc7+ Ke6 43. Qe7+ Qxe7 44. Re1+ 1-0


[Site "https://www.chess.com"]

[Event "Titled Tuesday Blitz July 11 Early 2023"]
[White "Bluebaum, Matthias"]
[Black "Preotu, Razvan"]
[WhiteFideId "24651516"]
[BlackFideId "2613280"]
[WhiteElo "3046"]
[BlackElo "2761"]
[Result "1-0"]
[Round "6"]
[TimeControl "180+2"]
[Date "2023.07.11"]
[WhiteClock "0:00:07"]
[BlackClock "0:00:01"]
[Board "9"]

1. d4 Nf6 2. Nf3 g6 3. Nc3 d5 4. Bf4 Bg7 5. e3 O-O 6. Nb5 Na6 7. h3 Ne4 8. c3 c6 9. Na3 Qb6 10. Qc2 f6 11. Bh2 e5 12. Be2 exd4 13. Nxd4 f5 14. O-O Nac5 15. Rad1 Ne6 16. Nf3 f4 17. Nc4 Qc5 18. Nd4 Qe7 19. Nxe6 Qxe6 20. Nd2 Nxd2 21. Qxd2 fxe3 22. fxe3 Re8 23. Rf3 Qe7 24. Rdf1 Bf5 25. Bd3 Bxd3 26. Qxd3 Qe4 27. Qxe4 Rxe4 28. Rf7 b5 29. Rc7 Re6 30. Rff7 Bf8 31. Rxh7 Rxe3 32. Bf4 Re2 33. Rhd7 Re6 34. Bg3 a5 35. Bf2 a4 36. Bd4 Rae8 37. Rh7 R8e7 38. Rh8+ Kf7 39. Rh7+ Kg8 40. Rcxe7 Bxe7 41. Rh8+ Kf7 42. Kf2 Bf6 43. Rc8 Bxd4+ 44. cxd4 Ke7 45. a3 Kd7 46. Rg8 Re4 47. Rxg6 Rxd4 48. Ke3 Rd1 49. h4 Rb1 50. h5 Rxb2 51. h6 Rb1 52. Rg3 Rb3+ 53. Kf4 Rxg3 54. Kxg3 b4 55. h7 bxa3 56. h8=Q 1-0


[Site "https://www.chess.com"]

[Event "Titled Tuesday Blitz July 11 Early 2023"]
[White "Nihal Sarin"]
[Black "Concio, Michael Jr."]
[WhiteFideId "25092340"]
[BlackFideId "5217873"]
[WhiteElo "3033"]
[BlackElo "2757"]
[Result "1-0"]
[Round "6"]
[TimeControl "180+2"]
[Date "2023.07.11"]
[WhiteClock "0:00:58"]
[BlackClock "0:00:04"]
[Board "10"]

1. e4 e5 2. Nc3 Nc6 3. Bc4 Bc5 4. d3 d6 5. Nf3 Nf6 6. Bg5 h6 7. Bxf6 Qxf6 8. Nd5 Qd8 9. c3 a6 10. d4 Ba7 11. dxe5 Nxe5 12. Nxe5 dxe5 13. Qh5 O-O 14. Qxe5 Re8 15. Qf4 Be6 16. O-O-O Qg5 17. Qxg5 hxg5 18. Bb3 Bxd5 19. Bxd5 c6 20. Bb3 Rad8 21. f3 Bb6 22. Kc2 Kf8 23. Bc4 Rxd1 24. Rxd1 Rd8 25. Re1 Ke7 26. b4 Bc7 27. g3 a5 28. b5 cxb5 29. Bxb5 Bd6 30. Bc4 Bc5 31. Bd5 b6 32. Kd3 Rc8 33. Re2 Bg1 34. a4 Bc5 35. e5 Rc7 36. f4 gxf4 37. gxf4 g6 38. h4 Rc8 39. Ke4 Rh8 40. Rh2 Bg1 41. Rh1 Bf2 42. Kf3 Bc5 43. c4 Bb4 44. Kg4 Bc5 45. Rh2 Bg1 46. Re2 Bd4 47. Rh2 Bg1 48. Rh1 Bc5 49. Rf1 Be3 50. f5 gxf5+ 51. Rxf5 Rg8+ 52. Kf3 Bd4 53. Rxf7+ Ke8 54. e6 Rg1 55. Bc6+ 1-0


[Site "https://www.chess.com"]

[Event "Titled Tuesday Blitz July 11 Early 2023"]
[White "Mahdavi, Reza"]
[Black "Movahed, Sina"]
[WhiteFideId "12595926"]
[BlackFideId "42520835"]
[WhiteElo "2750"]
[BlackElo "3013"]
[Result "1-0"]
[Round "6"]
[TimeControl "180+2"]
[Date "2023.07.11"]
[WhiteClock "0:00:21"]
[BlackClock "0:00:07"]
[Board "11"]

1. e4 c5 2. Nf3 d6 3. d4 cxd4 4. Qxd4 Nc6 5. Bb5 Bd7 6. Bxc6 Bxc6 7. Nc3 Nf6 8. Bg5 e6 9. O-O-O Be7 10. Qd3 h6 11. Bd2 Ng4 12. Qe2 Qc7 13. Nd4 Nf6 14. f3 Rc8 15. Kb1 O-O 16. g4 d5 17. g5 hxg5 18. Bxg5 dxe4 19. fxe4 Rfd8 20. Rhg1 Qb6 21. Qg2 g6 22. Nxc6 Rxd1+ 23. Rxd1 Rxc6 24. Qf3 e5 25. Nd5 Nxd5 26. exd5 Rxc2 27. Kxc2 Bxg5 28. d6 Kg7 29. Kb1 e4 30. Qxe4 Bf6 31. Qe2 a5 32. d7 a4 33. a3 Qd8 34. Qc2 b5 35. Qc6 Qb8 36. Qxf6+ Kxf6 37. d8=Q+ Qxd8 38. Rxd8 Ke7 39. Rb8 1-0


[Site "https://www.chess.com"]

[Event "Titled Tuesday Blitz July 11 Early 2023"]
[White "Xu, Yi"]
[Black "Kollars, Dmitrij"]
[WhiteFideId "8605564"]
[BlackFideId "12909572"]
[WhiteElo "2737"]
[BlackElo "3003"]
[Result "0-1"]
[Round "6"]
[TimeControl "180+2"]
[Date "2023.07.11"]
[WhiteClock "0:00:01"]
[BlackClock "0:00:11"]
[Board "12"]

1. e4 c5 2. Nf3 d6 3. Bb5+ Bd7 4. Bxd7+ Qxd7 5. c4 g6 6. Nc3 Bg7 7. d4 cxd4 8. Nxd4 Nf6 9. f3 O-O 10. Be3 Nc6 11. O-O a6 12. Qd3 Rfc8 13. b3 b5 14. cxb5 Ne5 15. Qd2 d5 16. Nc6 Nxc6 17. bxc6 Rxc6 18. Nxd5 Nxd5 19. exd5 Rd6 20. Rad1 Rd8 21. Bc5 Rxd5 22. Qxd5 Qxd5 23. Rxd5 Rxd5 24. Bxe7 Rd2 25. Bc5 Rxa2 26. Rf2 Ra1+ 27. Rf1 Ra5 28. b4 Ra2 29. Rf2 Ra1+ 30. Rf1 Ra4 31. Rb1 Be5 32. h3 h5 33. Kh1 Bg3 34. Kg1 Ra2 35. Bd4 Rd2 36. Bc3 Rc2 37. Be1 Be5 38. Bf2 f6 39. Kf1 Bb2 40. Re1 Kf7 41. Rd1 Ke6 42. Bd4 Bc1 43. Bc5 Bf4 44. Ra1 Bg3 45. Rxa6+ Kf5 46. Ra1 Rb2 47. Rd1 h4 48. Rd5+ Ke6 49. Rd1 g5 50. Rc1 Kd5 51. Rd1+ Kc4 52. Bd4 Rc2 53. Bc5 Be5 54. Rb1 Kb5 55. Be3 Rc3 56. Bf2 Rc2 57. Be3 Bc3 58. Bc5 Rd2 59. Be3 Ra2 60. Bc5 Bb2 61. Be3 Be5 62. Bc5 Bf4 63. Bf2 f5 64. Bd4 Rc2 65. Bc5 Rd2 66. Ra1 Rc2 67. Ra5+ Kc4 68. Ra1 Bd2 69. Rb1 Bc3 70. Be7 Bd4 71. Bxg5 Rf2+ 72. Ke1 Rxg2 73. Rc1+ Kd3 74. Rd1+ Kc3 75. Bd2+ Kc2 76. Rc1+ Kd3 77. Rd1 Rg1# 0-1


[Site "https://www.chess.com"]

[Event "Titled Tuesday Blitz July 11 Early 2023"]
[White "Deac, Bogdan-Daniel"]
[Black "Schwabeneder, Florian"]
[WhiteFideId "1226380"]
[BlackFideId "1626191"]
[WhiteElo "2986"]
[BlackElo "2738"]
[Result "1-0"]
[Round "6"]
[TimeControl "180+2"]
[Date "2023.07.11"]
[WhiteClock "0:00:03"]
[BlackClock "0:00:02"]
[Board "13"]

1. b3 d5 2. Bb2 Bf5 3. e3 e6 4. c4 Nf6 5. cxd5 exd5 6. Qf3 Bg6 7. Bxf6 Qxf6 8. Qxf6 gxf6 9. Ne2 a5 10. Nf4 c6 11. Nc3 Bd6 12. g3 Na6 13. h4 Nb4 14. Nxg6 hxg6 15. Kd1 d4 16. exd4 O-O-O 17. Bc4 Rd7 18. a3 Na6 19. d5 Nc7 20. dxc6 bxc6 21. Kc2 Be5 22. Rad1 Rhd8 23. h5 gxh5 24. Rxh5 Ne6 25. Ne2 Kc7 26. f4 Nd4+ 27. Nxd4 Bxd4 28. Rxa5 Bf2 29. Rf5 Rd6 30. g4 R8d7 31. d3 Re7 32. b4 Bd4 33. Rd2 Re1 34. Kb3 Be3 35. Rh2 Rf1 36. Rh7 Rxf4 37. Rxf7+ Kb6 38. Rxf4 Bxf4 39. a4 Bg5 40. a5# 1-0


[Site "https://www.chess.com"]

[Event "Titled Tuesday Blitz July 11 Early 2023"]
[White "Oparin, Grigoriy"]
[Black "Nazari, Arad"]
[WhiteFideId "24125890"]
[BlackFideId "12577324"]
[WhiteElo "2954"]
[BlackElo "2727"]
[Result "1/2-1/2"]
[Round "6"]
[TimeControl "180+2"]
[Date "2023.07.11"]
[WhiteClock "0:00:11"]
[BlackClock "0:00:09"]
[Board "14"]

1. c4 c5 2. Nf3 Nc6 3. d4 cxd4 4. Nxd4 g6 5. e4 Bg7 6. Nc2 Nf6 7. Nc3 O-O 8. Be2 a5 9. O-O d6 10. Be3 a4 11. Rc1 Qa5 12. Na3 Be6 13. Nab5 Rfc8 14. Nd5 Nd7 15. Nbc7 Bxd5 16. Nxd5 Bxb2 17. Rb1 a3 18. Bg4 e6 19. Bh3 Rd8 20. Nf4 Nde5 21. Qe2 Qa4 22. Nxe6 fxe6 23. Bxe6+ Kg7 24. f4 Nf7 25. Rbd1 Bf6 26. g4 Re8 27. Bd5 g5 28. Bxf7 gxf4 29. Bxe8 fxe3 30. Bxc6 Qxc6 31. Qxe3 Qxc4 32. g5 Be5 33. Rf2 Re8 34. Kg2 Qc6 35. Rdf1 Bb2 36. Rf7+ Kg8 37. R1f4 Qc2+ 38. Kh3 Be5 39. Rf2 Qc4 40. Qf3 Qe6+ 41. Kg2 Bd4 42. Rf1 Qxe4 43. Qxe4 Rxe4 44. Rxb7 Re2+ 45. Kf3 Rxa2 46. Rc1 Bc5 47. Re1 Rf2+ 48. Kg4 Rf8 49. Re2 Ra8 50. Ra2 Bd4 51. h4 Bb2 52. Rbxb2 Ra4+ 53. Kh5 axb2 54. Rxb2 Rd4 55. Rb8+ Kg7 56. Rb7+ Kg8 57. Rd7 Kh8 58. Rf7 Kg8 59. Rf1 Kg7 60. Rh1 Kg8 61. Kh6 Re4 62. Rh2 Re6+ 63. Kh5 Re4 64. Rd2 Re6 65. Kg4 Re4+ 66. Kh5 Re6 67. Rd4 Kg7 68. Ra4 Re7 69. Ra5 Rd7 70. Rd5 Kf7 71. Kh6 Ke6 72. Rd1 d5 73. Re1+ Kf5 74. h5 d4 75. Rf1+ Ke4 76. Re1+ Kf3 77. g6 hxg6 78. hxg6 d3 79. Rd1 Ke2 80. Rh1 d2 81. Rh2+ Kd3 82. Rxd2+ Kxd2 83. g7 Rxg7 84. Kxg7 1/2-1/2


[Site "https://www.chess.com"]

[Event "Titled Tuesday Blitz July 11 Early 2023"]
[White "Svane, Rasmus"]
[Black "Weetik, Vjacheslav"]
[WhiteFideId "4657101"]
[BlackFideId "4153472"]
[WhiteElo "2954"]
[BlackElo "2726"]
[Result "1-0"]
[Round "6"]
[TimeControl "180+2"]
[Date "2023.07.11"]
[WhiteClock "0:00:37"]
[BlackClock "0:00:29"]
[Board "15"]

1. Nf3 Nf6 2. g3 g6 3. Bg2 Bg7 4. O-O O-O 5. d4 d5 6. c4 c6 7. Qb3 Qb6 8. Nc3 Rd8 9. Bd2 Bf5 10. Na4 Qxb3 11. axb3 Na6 12. Rfc1 Be4 13. e3 e6 14. Be1 h6 15. Nc3 Bf5 16. h3 g5 17. g4 Bh7 18. Ne5 Nd7 19. Nxc6 Re8 20. Na5 Nb4 21. cxd5 Nd3 22. dxe6 Rxe6 23. Bxb7 Rb8 24. Bd5 Ree8 25. Rd1 Nxb2 26. Rd2 Nd3 27. Nc6 Rbc8 28. Rxa7 Nb6 29. Bxf7+ Kh8 30. Bxe8 Rxe8 31. Re2 Nc1 32. Rd2 Nxb3 33. Rb2 Nxd4 34. Nxd4 Bxd4 35. exd4 Rxe1+ 36. Kh2 1-0


[Site "https://www.chess.com"]

[Event "Titled Tuesday Blitz July 11 Early 2023"]
[White "Makarian, Rudik"]
[Black "Goryachkina, Aleksandra"]
[WhiteFideId "44105681"]
[BlackFideId "4147103"]
[WhiteElo "2943"]
[BlackElo "2725"]
[Result "1-0"]
[Round "6"]
[TimeControl "180+2"]
[Date "2023.07.11"]
[WhiteClock "0:00:12"]
[BlackClock "0:00:00"]
[Board "16"]

1. d4 Nf6 2. c4 e6 3. Nf3 d5 4. g3 Bb4+ 5. Bd2 a5 6. Bg2 O-O 7. Qc2 Be7 8. O-O Nbd7 9. Bf4 c6 10. Rd1 Nh5 11. Bc1 Nhf6 12. b3 b6 13. Bb2 Bb7 14. Nc3 Rc8 15. e4 Ba6 16. Ne5 dxc4 17. Nxc4 Qc7 18. Rac1 b5 19. Ne3 Qb8 20. Qe2 Rfd8 21. e5 Nd5 22. Ne4 Bf8 23. h4 Qa7 24. Qf3 h6 25. g4 c5 26. g5 c4 27. gxh6 gxh6 28. Nxd5 exd5 29. Ng3 Qb6 30. Kh2 Bg7 31. Rg1 Nf8 32. Nh5 Ng6 33. Bh3 Rc7 34. Rg2 Re8 35. Rcg1 Re6 36. Bxe6 Qxe6 37. Nf4 Qf5 38. Bc1 1-0


[Site "https://www.chess.com"]

[Event "Titled Tuesday Blitz July 11 Early 2023"]
[White "Wagner, Dennis"]
[Black "Pranav, V"]
[WhiteFideId "24650684"]
[BlackFideId "25060783"]
[WhiteElo "2724"]
[BlackElo "2943"]
[Result "0-1"]
[Round "6"]
[TimeControl "180+2"]
[Date "2023.07.11"]
[WhiteClock "0:00:02"]
[BlackClock "0:01:27"]
[Board "17"]

1. d4 Nf6 2. Nf3 b6 3. c4 Bb7 4. g3 e6 5. Bg2 Be7 6. O-O O-O 7. d5 exd5 8. Nh4 Re8 9. cxd5 Bf8 10. Nc3 Na6 11. Nf5 Nc5 12. Qd4 d6 13. Bg5 Re5 14. e4 h6 15. Bf4 Re8 16. Rfe1 Ng4 17. b4 Nd7 18. Rac1 a6 19. h3 Nge5 20. Be3 c5 21. dxc6 Nxc6 22. Qd2 Nf6 23. a3 Ne5 24. Nd5 Nxd5 25. exd5 Qf6 26. Nd4 b5 27. Nc6 Nc4 28. Qd3 Ne5 29. Qd2 Nf3+ 30. Bxf3 Qxf3 31. Bf4 g5 32. Rxe8 Rxe8 33. Be3 Bc8 34. Qd1 Qe4 35. g4 f5 36. gxf5 Bxf5 37. Kh2 Bg7 38. Bd4 Qf4+ 39. Kg1 Bf8 40. Be3 Qh4 41. Qf1 Bxh3 42. Qd3 Qg4+ 43. Kh2 Qg2# 0-1


[Site "https://www.chess.com"]

[Event "Titled Tuesday Blitz July 11 Early 2023"]
[White "Narayanan, Srinath"]
[Black "Kumsiashvili, Nikoloz"]
[WhiteFideId "5018420"]
[BlackFideId "13600621"]
[WhiteElo "2921"]
[BlackElo "2721"]
[Result "0-1"]
[Round "6"]
[TimeControl "180+2"]
[Date "2023.07.11"]
[WhiteClock "0:00:48"]
[BlackClock "0:00:22"]
[Board "18"]

1. Nf3 Nf6 2. c4 g6 3. g3 Bg7 4. Bg2 O-O 5. d4 c5 6. O-O cxd4 7. Nxd4 Nc6 8. Nc3 Nxd4 9. Qxd4 d6 10. Qd3 Qc7 11. Bf4 Be6 12. b3 Qc8 13. Rfd1 Bf5 14. Qd2 Bh3 15. Bh1 Rd8 16. Rac1 Qc5 17. Nd5 Nxd5 18. Qxd5 Qxd5 19. Bxd5 Rd7 20. f3 Be6 21. c5 dxc5 22. Bxe6 Rxd1+ 23. Rxd1 fxe6 24. Rd7 Kf7 25. Bd6 Bf6 26. Rxb7 Rc8 27. Rxa7 c4 28. bxc4 Bd4+ 29. Kg2 Bxa7 30. Be5 Rxc4 31. a3 Ra4 32. Bb2 Bc5 33. f4 Bxa3 34. Be5 Bd6 35. Bc3 Rc4 36. Be1 e5 37. e3 e4 38. Kh3 Rc2 39. g4 Re2 40. Bg3 Rxe3 41. Kg2 Rxg3+ 42. hxg3 g5 43. fxg5 Kg6 44. Kf2 Kxg5 45. Ke3 Kxg4 46. Kxe4 Kxg3 47. Ke3 h5 48. Ke2 Kg2 0-1


[Site "https://www.chess.com"]

[Event "Titled Tuesday Blitz July 11 Early 2023"]
[White "De La Villa Garcia, Jesus Maria"]
[Black "Gholami Orimi, Mahdi"]
[WhiteFideId "2200040"]
[BlackFideId "12558486"]
[WhiteElo "2709"]
[BlackElo "2912"]
[Result "1-0"]
[Round "6"]
[TimeControl "180+2"]
[Date "2023.07.11"]
[WhiteClock "0:00:03"]
[BlackClock "0:00:04"]
[Board "19"]

1. d4 Nf6 2. Bg5 c5 3. d5 Qb6 4. Nc3 Qxb2 5. Bd2 Qb6 6. e4 d6 7. f4 Bg4 8. Nf3 a6 9. e5 Nfd7 10. Be2 Bxf3 11. Bxf3 dxe5 12. Rb1 Qd6 13. Ne4 Qc7 14. d6 exd6 15. Rxb7 Qd8 16. Bc3 Nb6 17. fxe5 d5 18. Ba5 N8d7 19. Nc3 Qh4+ 20. g3 Qg5 21. Nxd5 Nxd5 22. Rxd7 Qxe5+ 23. Kf1 Ne3+ 24. Kf2 Nxd1+ 25. Rdxd1 Be7 26. Bc6+ Kf8 27. Bxa8 Qf5+ 28. Bf3 g6 29. Rhe1 Bf6 30. Re2 Kg7 31. Rd5 Qc8 32. Kg2 h5 33. h4 Re8 34. Red2 Qb8 35. Rd7 Re3 36. Bc7 Qb4 37. Bf4 Ra3 38. Bd5 Bd4 39. Rxf7+ Kh8 40. Rf8+ Kg7 41. Rf7+ Kh8 42. Re2 Qb5 43. Rf8+ Kg7 44. Rg8+ Kf6 45. Re6+ Kf7 46. Ree8+ Kf6 47. Rgf8+ Kg7 48. Rg8+ Kf6 49. Bg5+ Kf5 50. Rgf8+ Bf6 51. Rxf6+ Kg4 52. Rf4# 1-0


[Site "https://www.chess.com"]

[Event "Titled Tuesday Blitz July 11 Early 2023"]
[White "Matinian, Nikita"]
[Black "Gordievsky, Dmitry"]
[WhiteFideId "24129100"]
[BlackFideId "24112798"]
[WhiteElo "2708"]
[BlackElo "2903"]
[Result "0-1"]
[Round "6"]
[TimeControl "180+2"]
[Date "2023.07.11"]
[WhiteClock "0:00:00"]
[BlackClock "0:00:13"]
[Board "20"]

1. e4 c6 2. d4 d5 3. e5 Bf5 4. Nf3 e6 5. Be2 Nd7 6. O-O h6 7. Nbd2 Ne7 8. Nb3 a5 9. a4 g5 10. Ne1 Bg7 11. f4 Qc7 12. fxg5 hxg5 13. Bxg5 f6 14. Bf4 fxe5 15. Bg3 c5 16. Bb5 cxd4 17. Qe2 O-O-O 18. Nd3 Nc6 19. Kh1 Rh7 20. Bxc6 Qxc6 21. Nxe5 Qc7 22. Rae1 Rdh8 23. Nxd4 Rxh2+ 24. Kg1 Rh1+ 25. Kf2 Rxf1+ 26. Kxf1 Rh1+ 27. Kf2 Rxe1 28. Qxe1 Bxe5 29. Bxe5 Qxe5 30. Qc3+ Kb8 31. b3 Qc7 32. Qxc7+ Kxc7 33. Ke3 Kd6 34. c3 Be4 35. g4 Nf6 36. g5 Nh7 37. Nb5+ Ke7 38. Kf4 Nf8 39. Ke5 Nd7+ 40. Kd4 e5+ 41. Ke3 Bc2 42. c4 Bxb3 43. cxd5 Bxd5 44. Nc3 Bc6 45. Ne4 Bxe4 46. Kxe4 Ke6 0-1


[Site "https://www.chess.com"]

[Event "Titled Tuesday Blitz July 11 Early 2023"]
[White "djokovic74"]
[Black "Antipov, Mikhail Al."]
[BlackFideId "4107012"]
[WhiteElo "2707"]
[BlackElo "2899"]
[Result "0-1"]
[Round "6"]
[TimeControl "180+2"]
[Date "2023.07.11"]
[WhiteClock "0:00:00"]
[BlackClock "0:00:05"]
[Board "21"]

1. e4 c5 2. Nf3 d6 3. d4 cxd4 4. Nxd4 Nf6 5. Nc3 a6 6. Be2 e6 7. Be3 Be7 8. g4 Nfd7 9. Qd2 b5 10. a3 Bb7 11. O-O-O Nc5 12. f3 Nbd7 13. g5 Rc8 14. h4 Nb6 15. h5 O-O 16. Rdg1 Qc7 17. g6 Bf6 18. Bf1 d5 19. Bg5 Bxd4 20. Qxd4 e5 21. Qf2 d4 22. gxh7+ Kxh7 23. Bh3 f5 24. Bxf5+ Rxf5 25. exf5 dxc3 26. h6 Kg8 27. hxg7 Bd5 28. Rh8+ Kf7 29. Rxc8 Qxc8 30. Be3 cxb2+ 31. Kb1 Nca4 32. Bd2 Nc4 0-1


[Site "https://www.chess.com"]

[Event "Titled Tuesday Blitz July 11 Early 2023"]
[White "Zhigalko, Sergei"]
[Black "NikaVolkov"]
[WhiteFideId "13502956"]
[WhiteElo "2886"]
[BlackElo "2697"]
[Result "0-1"]
[Round "6"]
[TimeControl "180+2"]
[Date "2023.07.11"]
[WhiteClock "0:00:00"]
[BlackClock "0:00:03"]
[Board "22"]

1. e4 c5 2. Nf3 e6 3. c3 d5 4. e5 Nc6 5. d4 Nge7 6. Na3 Nf5 7. Nc2 h5 8. h4 Qb6 9. g3 cxd4 10. cxd4 Bd7 11. Bh3 Rc8 12. O-O g6 13. Rb1 Nb4 14. Nxb4 Bxb4 15. Bxf5 exf5 16. Bd2 Be7 17. Bg5 Bxg5 18. Nxg5 O-O 19. Qd2 Rc4 20. Nf3 Kg7 21. b3 Rc7 22. Rfc1 Rfc8 23. Qg5 Rc2 24. Rxc2 Rxc2 25. Rc1 Rxa2 26. Rc5 Ra1+ 27. Kg2 Qa6 28. Nd2 Rd1 29. Rc7 Qe6 30. Rxb7 f4 31. Qf6+ Qxf6 32. exf6+ Kxf6 33. Nf3 Bf5 34. gxf4 Be4 0-1


[Site "https://www.chess.com"]

[Event "Titled Tuesday Blitz July 11 Early 2023"]
[White "Turski, Bartlomiej"]
[Black "Shuvalova, Polina"]
[WhiteFideId "21810567"]
[BlackFideId "24171760"]
[WhiteElo "2880"]
[BlackElo "2694"]
[Result "1-0"]
[Round "6"]
[TimeControl "180+2"]
[Date "2023.07.11"]
[WhiteClock "0:00:50"]
[BlackClock "0:00:05"]
[Board "23"]

1. e4 c6 2. d4 d5 3. Nc3 dxe4 4. Nxe4 Nf6 5. Nxf6+ exf6 6. c3 Bd6 7. Bd3 O-O 8. Qc2 Re8+ 9. Ne2 h5 10. O-O h4 11. Nf4 Nd7 12. g3 Qc7 13. Qd1 Nf8 14. Qh5 hxg3 15. hxg3 Qd7 16. f3 Bxf4 17. Bxf4 Ng6 18. Rae1 Qd8 19. Bxg6 fxg6 20. Qxg6 Rxe1 21. Rxe1 Bd7 22. Bh6 Qf8 23. Bxg7 Qf7 24. Qxf6 Qh5 25. Bh6 Qf7 26. Qxf7+ Kxf7 27. Bg5 Be6 28. Kf2 Rg8 29. Bh4 a5 30. b3 b5 31. Re5 Ra8 32. f4 a4 33. f5 Bd5 34. Re7+ Kf8 35. g4 axb3 36. axb3 Ra2+ 37. Kg3 Rg2+ 38. Kf4 Rh2 39. Bg5 Rf2+ 40. Ke5 Re2+ 41. Kd6 Rxe7 42. Bxe7+ Kf7 43. g5 Bxb3 44. g6+ Kg7 45. Kxc6 Bc2 46. f6+ Kxg6 47. Kxb5 1-0


[Site "https://www.chess.com"]

[Event "Titled Tuesday Blitz July 11 Early 2023"]
[White "Goldin, Alexander"]
[Black "Galchenko, Matvey"]
[WhiteFideId "2019540"]
[BlackFideId "24175480"]
[WhiteElo "2632"]
[BlackElo "2869"]
[Result "0-1"]
[Round "6"]
[TimeControl "180+2"]
[Date "2023.07.11"]
[WhiteClock "0:00:00"]
[BlackClock "0:01:01"]
[Board "24"]

1. Nf3 c5 2. e3 Nf6 3. d4 g6 4. c3 cxd4 5. exd4 Bg7 6. Be2 O-O 7. O-O d6 8. h3 Nc6 9. Bf4 Qc7 10. Bh2 e5 11. Na3 a6 12. Nc4 Rd8 13. a4 Be6 14. Ne3 Nd5 15. Ng5 Nxe3 16. Nxe6 fxe6 17. fxe3 Bh6 18. Qd3 Qb6 19. Bg4 Re8 20. Rf6 Qxb2 21. Rb1 e4 22. Qxe4 Qxc3 23. Bxe6+ Kh8 24. Bf4 Bg7 25. Rf7 Nxd4 26. Rxg7 Nxe6 27. Rxh7+ Kxh7 28. Rxb7+ Ng7 0-1


[Site "https://www.chess.com"]

[Event "Titled Tuesday Blitz July 11 Early 2023"]
[White "Ovchinnikov, Vsevolod"]
[Black "Grandelius, Nils"]
[WhiteFideId "24176842"]
[BlackFideId "1710400"]
[WhiteElo "2621"]
[BlackElo "2867"]
[Result "0-1"]
[Round "6"]
[TimeControl "180+2"]
[Date "2023.07.11"]
[WhiteClock "0:00:00"]
[BlackClock "0:00:07"]
[Board "25"]

1. d4 Nf6 2. c4 e6 3. g3 e5 4. dxe5 Ng4 5. Nf3 Nc6 6. Bg2 Ngxe5 7. Nxe5 Nxe5 8. b3 Bb4+ 9. Bd2 a5 10. O-O O-O 11. Nc3 Re8 12. Nd5 Bf8 13. Bc3 c6 14. Ne3 d6 15. Qd4 h5 16. Rad1 Qf6 17. h3 Qg6 18. Rd2 Nd7 19. Rfd1 Nc5 20. Ba1 Bd7 21. Qf4 Rad8 22. h4 Ne4 23. Rd4 Nf6 24. Bc3 a4 25. b4 Ng4 26. Be4 Qf6 27. Qxf6 Nxf6 28. Bf3 Be6 29. a3 g6 30. Rf4 Nd7 31. Be4 Bh6 32. Rf3 Ne5 33. Bxe5 dxe5 34. Rxd8 Rxd8 35. Nf1 Rd4 36. Bc2 Bxc4 37. e3 Rd6 38. e4 b5 39. Rc3 Bc1 40. Bb1 Bb2 41. Rf3 Rd1 0-1


[Site "https://www.chess.com"]

[Event "Titled Tuesday Blitz July 11 Early 2023"]
[White "Sattarov, Bobir"]
[Black "Nefedov, Sergey"]
[WhiteFideId "14203081"]
[BlackFideId "24113417"]
[WhiteElo "2842"]
[BlackElo "2629"]
[Result "1-0"]
[Round "6"]
[TimeControl "180+2"]
[Date "2023.07.11"]
[WhiteClock "0:01:38"]
[BlackClock "0:00:07"]
[Board "26"]

1. e4 d5 2. exd5 Qxd5 3. Nc3 Qd8 4. d4 Nf6 5. g3 c6 6. Bg2 Bf5 7. Nge2 e6 8. h3 Be7 9. O-O O-O 10. g4 Bg6 11. Ng3 Na6 12. a3 Nc7 13. Nce2 h5 14. Nf4 hxg4 15. Nxg6 fxg6 16. hxg4 Nfd5 17. Qd3 g5 18. Nh5 Qe8 19. Be4 Nf4 20. Bxf4 gxf4 21. Bh7+ Kh8 22. Bg6 Qd7 23. Nf6 Rxf6 24. Qh3+ Kg8 25. Qh7+ Kf8 26. Qh8# 1-0


[Site "https://www.chess.com"]